 Dungeon Crawl Stone Soup version 0.30-a0-777-ga9a30cbeda (webtiles) character file.

Game seed: 15992977448018869516

616 lesbiats the Ruffian (level 7, -5/70 HPs)
             Began as a Troll Fighter on Feb 14, 2023.
             Slain by a killer bee (6 damage)
             ... on level 4 of the Dungeon.
             The game lasted 00:07:39 (3023 turns).

lesbiats the Ruffian (Troll Fighter)                Turns: 3023, Time: 00:07:40

Health: -5/70      AC:  5    Str: 25    XL:     7   Next: 21%
Magic:  6/6        EV:  8    Int:  6    God:
Gold:   185        SH:  8    Dex:  9    Spells: 6/6 levels left

rFire   . . .      SeeInvis .      - Unarmed
rCold   . . .      Faith    .    b - +0 kite shield
rNeg    . . .      Spirit   .    a - +0 robe
rPois   .          Reflect  .    (helmet restricted)
rElec   .          Harm     .    s - +0 cloak
rCorr   .          Rampage  .    (gloves unavailable)
Will    .....                    (boots unavailable)
Stlth   +                        d - amulet of the acrobat
HPRegen 1.11/turn                e - ring of wizardry
MPRegen 0.10/turn                (no ring)

@: lethally poisoned (-5 -> -6)
A: large, unfitting armour, claws 3, regeneration 1, shaggy fur 1, tough skin 1
a: no special abilities


You were on level 4 of the Dungeon.
You visited 1 branch of the dungeon, and saw 5 of its levels.

You collected 185 gold pieces.

Inventory:

Missiles
 l - 3 datura-tipped darts (quivered)
 o - 2 large rocks
 w - 8 poisoned darts
Armour
 a - a +0 robe (worn)
 b - a +0 kite shield (worn)
 n - the -2 hat of the Alchemist {rElec rPois rF+ rC+ rN+ Will+ rMut rCorr}
   (You found it on level 2 of the Dungeon)

   rF:        It protects you from fire.
   rC:        It protects you from cold.
   rElec:     It insulates you from electricity.
   rPois:     It protects you from poison.
   rN:        It protects you from negative energy.
   rCorr:     It protects you from acid and corrosion.
   rMut:      It protects you from mutation.
   Will:      It increases your willpower.
 s - a +0 cloak (worn)
Jewellery
 d - an amulet of the acrobat (around neck)
 e - a ring of wizardry (left claw)
 u - a +6 ring of dexterity
 A - an amulet of guardian spirit
Wands
 x - a wand of charming (2)
Scrolls
 g - 2 scrolls of enchant weapon {unknown}
 h - 3 scrolls of teleportation {unknown}
 i - a scroll of vulnerability {unknown}
 m - a scroll of enchant armour {unknown}
 r - 4 scrolls of identify {unknown}
 v - a scroll of amnesia {unknown}
 y - 2 scrolls of fear {unknown}
 z - a scroll of immolation {unknown}
Potions
 c - 5 potions of might
 f - a potion of flight {unknown}
 j - 2 potions of heal wounds {unknown}
 k - 2 potions of haste {unknown}
 p - a potion of brilliance {unknown}
 q - a potion of curing {unknown}
 t - 2 potions of berserk rage {unknown}
 B - a potion of mutation {unknown}


   Skills:
 + Level 4.0 Fighting
 - Level 2.4 Dodging
 + Level 4.4 Shields
 * Level 5.8 Unarmed Combat


You had 6 spell levels left.
You didn't know any spells.
Your spell library contained the following spells:

 Spells                   Type           Power      Damage    Failure   Level
 Ozocubu's Armour         Ice            0%         N/A       77%         3
 Ozocubu's Refrigeration  Ice            0%         4d7       100%        7


Dungeon Overview and Level Annotations

Branches:
Dungeon (5/15)
 Temple: D:4-7

Altars:
Makhleb

Shops:
D:1 [   D:5 *

Annotations:
D:4 2 runed translucent doors, MrSquiggles's ghost, amateur OpAr


Innate Abilities, Weirdness & Mutations

You are too large for most types of armour.
You have claws for hands.
Your natural rate of healing is unusually fast.
You are covered in fur. (AC +1)
You have tough skin. (AC +1)


Message History

You are poisoned.
The killer bee poisons you!
You feel very sick.
You feel sick. You block the killer bee's attack.
You feel sick. The killer bee completely misses you.
You block the killer bee's attack.
You feel sick. You block the killer bee's attack. x2
You feel sick. The killer bee closely misses you.
The killer bee completely misses you. The killer bee misses you.
There is a stone staircase leading up here.
You feel sick. You block the killer bee's attack. x2
The killer bee barely misses you.
The killer bee stings you but does no damage.
You climb upwards.
Level annotation: 2 runed translucent doors, MrSquiggles's ghost, amateur OpAr You feel sick.
There is a stone staircase leading down here.
You claw the killer bee!
The killer bee is severely wounded.
You feel sick.
You are no longer poisoned.
The killer bee closely misses you. You block the killer bee's attack.
The killer bee stings you but does no damage.
The killer bee barely misses you.
You miss the killer bee.
The killer bee is severely wounded.
The killer bee barely misses you. The killer bee stings you.
* * * LOW HITPOINT WARNING * * *
The killer bee stings you!
* * * LOW HITPOINT WARNING * * *
The killer bee stings you but does no damage.
You closely miss the killer bee.
The killer bee is severely wounded.
The killer bee stings you.
* * * LOW HITPOINT WARNING * * *
The killer bee stings you.
* * * LOW HITPOINT WARNING * * *
You are lethally poisoned!
The killer bee poisons you! The killer bee stings you.
You die...

........##............#..#......#
....##...###..........#..........
...........#....................#
.......................##..##....
.........)......#....#.....##...#
.......##.......##..##.###.###.##
.......................##..###...
........#......y###..............
........#......y@##.......###....
.......##.......###.........#.##.
.......#..##..#..##.........#.#..
#.#..........##..#............##.
####++####.#.##................#.
#♣♣♣..♣♣♣###..#..#.....#.##....#.
♣♣......♣♣ #....###...#####......
♣........♣♣##...##.....####....<.
..........♣♣##...........##.>.#.†


You could see 2 killer bees.

Vanquished Creatures
  An ice beast (D:5)
  A black bear (D:4)
  A phantom (D:4)
  A scorpion (D:4)
  2 killer bees (D:5)
  A jelly (D:5)
  4 gnolls
  8 adders
  A white imp (D:5)
  2 dart slugs
  An orc (D:3)
  3 ball pythons
  5 bats
  8 endoplasms
  A giant cockroach (D:3)
  8 goblins
  9 hobgoblins
  2 jackals (D:4)
  3 quokkas
  A frilled lizard (D:1)
  9 kobolds
  4 rats
76 creatures vanquished.

Notes
Turn   | Place    | Note
-------+----------+-------------------------------------------
     0 | D:1      | lesbiats the Troll Fighter began the quest for the Orb.
     0 | D:1      | Reached XP level 1. HP: 22/22 MP: 0/0
   135 | D:1      | Reached XP level 2. HP: 29/29 MP: 1/1
   286 | D:1      | Found Xycixuch's Antique Armour Shoppe.
   650 | D:2      | Reached XP level 3. HP: 36/36 MP: 2/2
   656 | D:2      | Reached skill level 3 in Unarmed Combat
   743 | D:2      | Found the -2 hat of the Alchemist {rElec rPois rF+ rC+ rN+
                  | Will+ rMut rCorr}
  1048 | D:2      | Found a burning altar of Makhleb.
  1190 | D:2      | Found a faded altar of an unknown god.
  1378 | D:3      | Reached XP level 4. HP: 44/44 MP: 3/3
  2137 | D:4      | Noticed a phantom
  2164 | D:4      | Killed a phantom
  2165 | D:4      | Reached skill level 4 in Unarmed Combat
  2165 | D:4      | Reached XP level 5. HP: 50/53 MP: 4/4
  2242 | D:4      | Found a large runed translucent door.
  2243 | D:4      | Found a large runed translucent door.
  2246 | D:4      | Noticed MrSquiggles's ghost (amateur OpAr)
  2444 | D:4      | Noticed a black bear
  2503 | D:4      | Killed a black bear
  2504 | D:4      | Reached XP level 6. HP: 54/61 MP: 5/5
  2551 | D:4      | Reached skill level 5 in Unarmed Combat
  2766 | D:5      | Entered Level 5 of the Dungeon
  2800 | D:5      | Noticed an ice beast
  2806 | D:5      | Killed an ice beast
  2807 | D:5      | Reached XP level 7. HP: 68/68 MP: 6/6
  2913 | D:5      | Found Yvvib's CLEARANCE SALE!.
  3023 | D:4      | HP: 1/70 [killer bee (4)]
  3023 | D:4      | Slain by a killer bee

Illustrated notes

Levels and vault maps discovered:
D:1:      evilmike_arrival_come_back, layout_loops_ring, serial_shops, shop,
          grunt_decor_arrowhead, wad_floor_pattern_1, amcnicky_mini_pool_small,
          nicolae_concentric_dashed_squares_wild, minmay_tetromino_l4
D:2:      layout_basic, chequers_ecumenical_altar_grove, basic_altar
D:3:      layout_basic
D:4:      layout_cave_pools, ebering_ghost_disaster_area, kennysheep_cross_room,
          fountainhead, minmay_distorted
D:5:      layout_rooms, temple_green, nicolae_shop_clearance

Skill      XL: |  1  2  3  4  5  6  7 |
---------------+----------------------+-----
Shields        | 3 4 |  4.4
Unarmed Combat | 3 4 5 |  5.8
Fighting       | 3 4 |  4.0
Dodging        | |  2.4

Action                     |  1- 3 |  4- 6 |  7- 9 || total
---------------------------+-------+-------+-------++-------
  Melee: Unarmed           |   128 |   122 |    20 ||   270
   Stab: Sleeping          |       |     1 |       ||     1
 Armour: Robe              |    26 |    32 |     7 ||    65
  Dodge: Dodged            |    49 |    47 |    44 ||   140
  Block: Kite shield       |    43 |    50 |    31 ||   124

Table legend: (Time is in decaauts)
 A = Elapsed time spent in this place.
 B = Non-inter-level travel time spent in this place.
 C = Inter-level travel time spent in this place.
 D = Time resting spent in this place.
 E = Time spent auto-exploring this place.
 F = Levels seen in this place.
 G = Mean time per level.
                   A        B        C        D        E       F      G
               +--------+--------+--------+--------+--------+-----+--------+
         Total |   3040 |   2913 |    127 |     23 |   2176 |   5 |  608.0 |
       Dungeon |   3040 |   2913 |    127 |     23 |   2176 |   5 |  608.0 |
               +--------+--------+--------+--------+--------+-----+--------+

Top non-repeatable levels by time:
     D:3: 752 daAuts
     D:2: 736 daAuts
     D:4: 660 daAuts
     D:1: 636 daAuts
     D:5: 254 daAuts
